[Event "Titled Tuesday Blitz February 14 Early 2023"]
[White "Andrews, Todd"]
[Black "Sokolovsky, Yahli"]
[WhiteFideId "2012456"]
[BlackFideId "2820242"]
[WhiteElo "2220"]
[BlackElo "2461"]
[Result "0-1"]
[Round "07"]
[TimeControl "180+2"]
[Date "2023.02.15"]
[WhiteClock "0:00:06"]
[BlackClock "0:00:09"]

1. e4 g6 2. d4 Bg7 3. Nc3 d6 4. f4 Nc6 5. d5 Nb8 6. Nf3 c6 7. Bc4 Bg4 8. Bb3 Nf6 9. O-O cxd5 10. Nxd5 O-O 11. h3 Bxf3 12. Qxf3 Nc6 13. c3 Nxd5 14. Bxd5 Qb6+ 15. Kh2 e6 16. Bb3 Na5 17. Be3 Qc7 18. Rad1 Rad8 19. Qg3 Nxb3 20. axb3 f5 21. exf5 Rxf5 22. Bd4 Rdf8 23. Bxg7 Kxg7 24. Rfe1 R8f6 25. Rd4 d5 26. c4 Rxf4 27. Rxf4 Qxf4 28. Qxf4 Rxf4 29. Rxe6 dxc4 30. Re7+ Rf7 31. Re3 cxb3 32. Rxb3 Rd7 33. Kg3 b6 34. Rb5 Rd3+ 35. Kf4 Rd2 36. g4 h6 37. h4 Rd4+ 38. Kf3 Rd3+ 39. Kf4 Rh3 40. h5 gxh5 41. gxh5 Rh2 42. Kg4 Kf6 43. b3 Rg2+ 44. Kh4 Rb2 45. Rb4 Rf2 46. Ra4 a5 47. Rc4 Re2 48. Rc6+ Re6 49. Rc4 Re5 50. Rc6+ Re6 51. Rc4 Kg7 52. b4 b5 53. Rd4 axb4 54. Rxb4 Rb6 55. Kg4 Kf6 56. Kf4 Ke6 57. Ke4 Kd6 58. Kd4 Kc6 59. Ke5 Kc5 60. Rg4 b4 61. Rg6 b3 62. Rg1 b2 63. Rb1 Kc4 64. Kf5 Kc3 65. Re1 b1=Q+ 66. Rxb1 Rxb1 67. Kg6 Rb6+ 68. Kg7 Kd3 0-1


[Site "https://www.chess.com"]

[Event "Titled Tuesday Blitz February 14 Early 2023"]
[White "Hansen, Sune Berg"]
[Black "Heinemann, Josefine"]
[WhiteFideId "1400266"]
[BlackFideId "12900460"]
[WhiteElo "2517"]
[BlackElo "2289"]
[Result "1-0"]
[Round "07"]
[TimeControl "180+2"]
[Date "2023.02.15"]
[WhiteClock "0:00:34"]
[BlackClock "0:00:22"]

1. e4 e5 2. Nf3 Nc6 3. Bb5 a6 4. Ba4 Nf6 5. d3 b5 6. Bb3 Bc5 7. c3 d6 8. O-O O-O 9. Bg5 Be6 10. Bc2 h6 11. Bh4 g5 12. Bg3 Ne7 13. d4 exd4 14. cxd4 Bb6 15. Nc3 Ng6 16. Re1 Nh5 17. a3 Nhf4 18. h3 g4 19. hxg4 Bxg4 20. Re3 Qf6 21. Qd2 h5 22. e5 Qg7 23. Bxg6 Nxg6 24. Nd5 Bxf3 25. Rxf3 dxe5 26. Nf6+ Kh8 27. Nxh5 Qh7 28. Nf6 Qg7 29. Bxe5 Nxe5 30. Rh3+ 1-0


[Site "https://www.chess.com"]

[Event "Titled Tuesday Blitz February 14 Early 2023"]
[White "Koridze, Lile"]
[Black "Klabis, Rokas"]
[WhiteFideId "13612514"]
[BlackFideId "12805246"]
[WhiteElo "2191"]
[BlackElo "2415"]
[Result "0-1"]
[Round "07"]
[TimeControl "180+2"]
[Date "2023.02.15"]
[WhiteClock "0:01:46"]
[BlackClock "0:01:48"]

1. d4 Nf6 2. c4 e6 3. Nf3 Bb4+ 4. Bd2 Qe7 5. g3 Nc6 6. Bg2 Bxd2+ 7. Nbxd2 d5 8. O-O O-O 9. a3 Rd8 10. e3 e5 11. cxd5 Nxd5 12. Qc2 exd4 13. exd4 h6 14. Rfe1 Qf6 15. Rad1 Bf5 16. Qb3 Nb6 17. Nc4 Be6 18. Nfe5 Na5 0-1


[Site "https://www.chess.com"]

[Event "Titled Tuesday Blitz February 14 Early 2023"]
[White "Tinmaz, Kerem"]
[Black "Papasimakopoulos, Alexandros"]
[WhiteFideId "44559151"]
[BlackFideId "4244125"]
[WhiteElo "2177"]
[BlackElo "2401"]
[Result "0-1"]
[Round "07"]
[TimeControl "180+2"]
[Date "2023.02.15"]
[WhiteClock "0:00:02"]
[BlackClock "0:01:23"]

1. e4 e6 2. d4 d5 3. Nd2 Nf6 4. e5 Nfd7 5. Ngf3 c5 6. c3 Nc6 7. Bd3 a5 8. O-O Be7 9. Re1 cxd4 10. cxd4 g5 11. h3 h5 12. Nf1 g4 13. hxg4 hxg4 14. N3h2 Bb4 15. Bd2 Qh4 16. Bxb4 axb4 17. Qxg4 Nxd4 18. Qxh4 Rxh4 19. Nd2 Nc5 20. Nhf3 Rf4 21. Nxd4 Rxd4 22. Bb5+ Bd7 23. Bxd7+ Kxd7 24. Nb3 Rc4 25. Nxc5+ Rxc5 26. a3 Rc2 27. axb4 Rxa1 28. Rxa1 Rxb2 29. Ra4 b5 30. Ra7+ Ke8 31. Ra8+ Ke7 32. Ra7+ Kf8 33. Ra8+ Kg7 34. Ra7 Rxb4 35. Rb7 Re4 36. Rxb5 Rxe5 37. g3 Kf6 38. Kg2 d4 39. Kf3 Rxb5 0-1


[Site "https://www.chess.com"]

[Event "Titled Tuesday Blitz February 14 Early 2023"]
[White "Shimanov, Aleksandr"]
[Black "Chylewski, Patryk"]
[WhiteFideId "4198603"]
[BlackFideId "1186191"]
[WhiteElo "2581"]
[BlackElo "2281"]
[Result "1-0"]
[Round "07"]
[TimeControl "180+2"]
[Date "2023.02.15"]
[WhiteClock "0:00:11"]
[BlackClock "0:00:01"]

1. e4 c5 2. d4 cxd4 3. Qxd4 Nc6 4. Qd3 g6 5. Nc3 Bg7 6. Nf3 d6 7. Be2 Nf6 8. Nd5 O-O 9. O-O Nxd5 10. exd5 Ne5 11. Nxe5 Bxe5 12. c3 Bf5 13. Qb5 Qd7 14. a4 Rac8 15. Bg5 Rfe8 16. Rfe1 Rc5 17. Qxd7 Bxd7 18. a5 Rxd5 19. Be3 b6 20. axb6 axb6 21. Ra7 Be6 22. Rea1 Ra5 23. R1xa5 bxa5 24. Rxa5 Rb8 25. Rb5 Ra8 26. f4 Bf6 27. g4 Ra2 28. Bf3 h6 29. h3 Bc4 30. Rb7 Bh4 31. Bd4 Bf6 32. Bxf6 exf6 33. Kf2 Kf8 34. Ke3 g5 35. f5 Bf1 36. Bd5 Ra5 37. Rxf7+ Ke8 38. Be6 Bxh3 39. Rxf6 Bxg4 40. Rxh6 Bxf5 41. Bxf5 Rxf5 42. Rxd6 Ke7 43. Rg6 Kf7 44. Rb6 g4 45. Rb4 Rg5 46. Kf2 Ke6 47. Kg3 Kd6 48. Rxg4 Rb5 49. b4 Re5 50. Kf3 Re1 51. Re4 1-0


[Site "https://www.chess.com"]

[Event "Titled Tuesday Blitz February 14 Early 2023"]
[White "Drygalov, Sergey"]
[Black "Ambartsumova, Karina"]
[WhiteFideId "24171743"]
[BlackFideId "4166299"]
[WhiteElo "2547"]
[BlackElo "2393"]
[Result "1-0"]
[Round "07"]
[TimeControl "180+2"]
[Date "2023.02.15"]
[WhiteClock "0:02:13"]
[BlackClock "0:00:12"]

1. d4 Nf6 2. c4 e6 3. Nc3 d5 4. e3 Be7 5. Nf3 O-O 6. Bd3 b6 7. O-O c5 8. cxd5 exd5 9. Ne5 Bb7 10. f4 Ne4 11. Nxe4 dxe4 12. Bc4 Nd7 13. Qh5 Nxe5 14. dxe5 Qc7 15. Bd2 a6 16. a4 Bc6 17. f5 b5 18. f6 bxc4 19. Qg5 1-0


[Site "https://www.chess.com"]

[Event "Titled Tuesday Blitz February 14 Early 2023"]
[White "Ordekalog"]
[Black "Maksimovic, Bojan"]
[BlackFideId "14408120"]
[WhiteElo "2544"]
[BlackElo "2486"]
[Result "0-1"]
[Round "07"]
[TimeControl "180+2"]
[Date "2023.02.15"]
[WhiteClock "0:00:49"]
[BlackClock "0:01:53"]

1. d4 g6 2. e3 Bg7 3. Nf3 d6 4. Be2 Nf6 5. O-O O-O 6. c4 Nbd7 7. Nc3 e5 8. Qc2 Re8 9. b4 e4 10. Nd2 Qe7 11. a4 Nf8 12. b5 h5 13. a5 Bf5 14. a6 b6 15. Qb3 h4 16. Ba3 h3 17. g3 N8h7 18. c5 Ng5 19. cxd6 cxd6 20. Nc4 Rad8 21. Qb4 Bf8 22. d5 Bg4 23. Rfe1 Bxe2 24. Rxe2 Nf3+ 25. Kh1 Ng4 26. Nd2 Nxd2 27. Rxd2 Qf6 28. f4 exf3 29. Qxg4 Qxc3 30. Rda2 Rxe3 31. Rf1 Qb3 32. Qg5 Qxa2 0-1


[Site "https://www.chess.com"]

[Event "Titled Tuesday Blitz February 14 Early 2023"]
[White "Yuan, Qingyu"]
[Black "Kumala, Aleksander"]
[WhiteFideId "8609772"]
[BlackFideId "1141880"]
[WhiteElo "2373"]
[BlackElo "2165"]
[Result "1-0"]
[Round "07"]
[TimeControl "180+2"]
[Date "2023.02.15"]
[WhiteClock "0:00:21"]
[BlackClock "0:01:34"]

1. e4 e5 2. Nf3 Nf6 3. Nxe5 Nxe4 4. Qe2 Qe7 5. Qxe4 d6 6. d4 dxe5 7. dxe5 Nc6 8. Nc3 Qxe5 9. Qxe5+ Nxe5 10. Bf4 Bd6 11. Bg3 h5 12. O-O-O f6 13. Nb5 h4 14. Nxd6+ cxd6 15. Bf4 Ke7 16. h3 g5 17. Be3 Bf5 18. Be2 Rhc8 19. Rd2 a6 20. b3 b5 21. Kb2 Rc6 22. c3 Rac8 23. Bd4 Be4 24. f3 Bf5 25. Rhd1 Ke6 26. Rc1 R8c7 27. Be3 Rc8 28. Bf2 R8c7 29. Bg1 Rc8 30. Be3 R8c7 31. f4 gxf4 32. Bxf4 Rg7 33. Re1 Kd7 34. Bxe5 fxe5 35. Bf3 e4 36. Bxe4 Bxe4 37. Rxe4 Rg3 38. Rc2 a5 39. Rxh4 b4 40. c4 a4 41. bxa4 Ra6 42. Rd4 Kc6 43. c5 dxc5 44. Rxb4 Rxg2 45. Rxg2 cxb4 46. Rg6+ 1-0


[Site "https://www.chess.com"]

[Event "Titled Tuesday Blitz February 14 Early 2023"]
[White "Mendonca, Leon Luke"]
[Black "Mamedov, Edgar"]
[WhiteFideId "35028561"]
[BlackFideId "13739980"]
[WhiteElo "2603"]
[BlackElo "2193"]
[Result "1-0"]
[Round "07"]
[TimeControl "180+2"]
[Date "2023.02.15"]
[WhiteClock "0:00:02"]
[BlackClock "0:00:01"]

1. Nf3 d5 2. d4 Nf6 3. Bf4 e6 4. e3 Bd6 5. Bg3 O-O 6. Nbd2 b6 7. Bd3 Bb7 8. Qe2 Nbd7 9. c3 Ne4 10. Bxd6 cxd6 11. O-O e5 12. Rfd1 Qe7 13. Bb5 Ndf6 14. Nf1 a6 15. Bd3 Nxf2 16. Qxf2 e4 17. Be2 exf3 18. Bxf3 Rfe8 19. Re1 Ne4 20. Qc2 Bc8 21. Qb3 Be6 22. Rad1 b5 23. Ng3 f5 24. Ne2 Bf7 25. Nf4 Rac8 26. Nd3 Rb8 27. Qa3 Ra8 28. Qa5 g5 29. a4 Reb8 30. Nb4 Qb7 31. Rf1 Be6 32. Be2 bxa4 33. Qxa4 a5 34. Nd3 Qd7 35. Ra1 Qxa4 36. Rxa4 Bd7 37. Ra2 Nd2 38. Rd1 Nc4 39. Kf2 Re8 40. Bf3 Nxe3 41. Re1 f4 42. g3 Bf5 43. gxf4 Bxd3 44. Rxe3 Bc4 45. Rxa5 Rxa5 46. Rxe8+ Kf7 47. Rh8 Kg7 48. Rd8 gxf4 49. Rxd6 Ra2 50. Bxd5 Rxb2+ 51. Kf3 Rc2 52. Kxf4 Bxd5 53. Rxd5 Rxc3 54. Rf5 Rh3 55. d5 Rxh2 56. Ke5 Re2+ 57. Kd6 Kg6 58. Rf1 h5 59. Kc7 Rc2+ 60. Kd7 Rd2 61. d6 h4 62. Ke7 Re2+ 63. Kd8 Rd2 64. d7 Kg5 65. Kc7 h3 66. Rf8 1-0


[Site "https://www.chess.com"]

[Event "Titled Tuesday Blitz February 14 Early 2023"]
[White "Derjabin, Ilja"]
[Black "Bilych, Olexiy"]
[WhiteFideId "14104768"]
[BlackFideId "14156504"]
[WhiteElo "2333"]
[BlackElo "2441"]
[Result "0-1"]
[Round "07"]
[TimeControl "180+2"]
[Date "2023.02.15"]
[WhiteClock "0:00:03"]
[BlackClock "0:00:16"]

1. d4 Nf6 2. c4 g6 3. Nc3 Bg7 4. e4 d6 5. Nge2 Nbd7 6. Ng3 e5 7. d5 h5 8. Be2 Bh6 9. Bxh6 Rxh6 10. Qd2 Rh8 11. O-O-O a5 12. h4 Nc5 13. f3 Bd7 14. Nf1 a4 15. Ne3 Kf8 16. Kb1 Kg7 17. Rdg1 Qe7 18. Bd1 c6 19. Bc2 Rhb8 20. g4 b5 21. gxh5 b4 22. hxg6 bxc3 23. gxf7+ Kxf7 24. Qxc3 cxd5 25. exd5 Rg8 26. h5 e4 27. f4 Rxg1+ 28. Rxg1 Nxh5 29. f5 Nf6 30. b4 axb3 31. axb3 Rh8 32. b4 Nd3 33. Bxd3 exd3 34. Qxd3 Rh3 35. Re1 Qe5 36. Qd2 Bxf5+ 37. Nxf5 Qxf5+ 38. Qc2 Rb3+ 39. Kc1 Qf4+ 40. Kd1 Qf3+ 41. Re2 Qf1+ 42. Kd2 Qf4+ 43. Ke1 Rh3 44. Rf2 Qe3+ 45. Kf1 Rh1+ 46. Kg2 Qh3# 0-1


[Site "https://www.chess.com"]

[Event "Titled Tuesday Blitz February 14 Early 2023"]
[White "Srihari L R"]
[Black "Zaragatski, Ilja"]
[WhiteFideId "46617116"]
[BlackFideId "4655192"]
[WhiteElo "2416"]
[BlackElo "2472"]
[Result "1-0"]
[Round "07"]
[TimeControl "180+2"]
[Date "2023.02.15"]
[WhiteClock "0:00:57"]
[BlackClock "0:00:03"]

1. Nf3 Nf6 2. g3 b6 3. Bg2 Bb7 4. O-O e6 5. d3 c5 6. e4 d6 7. Re1 Be7 8. a4 O-O 9. Nc3 a6 10. Nh4 Nc6 11. f4 Qc7 12. h3 Nd4 13. Kh2 b5 14. axb5 axb5 15. Rxa8 Rxa8 16. Be3 b4 17. Ne2 Nxe2 18. Qxe2 Ra2 19. Bc1 Nd7 20. Nf3 Ra1 21. Nd2 Nb8 22. Nc4 Nc6 23. Be3 Rxe1 24. Qxe1 Na5 25. Nd2 c4 26. Qa1 cxd3 27. cxd3 h5 28. h4 Bf6 29. d4 Bd8 30. Qa4 Qb6 31. Qe8+ Kh7 32. Qxf7 Qb5 33. Bf1 Qc6 34. Qxh5+ Kg8 35. Bh3 d5 36. e5 Nc4 37. Qg6 Bc8 38. Qc2 Nxe5 39. Qxc6 Nxc6 40. Nf3 Bb6 41. Bf1 Kf7 42. Bb5 Na5 43. Ne5+ Ke7 44. Bd2 Nb7 45. Bxb4+ Kf6 46. Bd7 Ba5 47. Bxc8 Bxb4 48. Bxb7 1-0


[Site "https://www.chess.com"]

[Event "Titled Tuesday Blitz February 14 Early 2023"]
[White "Toncheva, Nadya"]
[Black "Erdogdu, Mert"]
[WhiteFideId "2924056"]
[BlackFideId "6301495"]
[WhiteElo "2295"]
[BlackElo "2413"]
[Result "0-1"]
[Round "07"]
[TimeControl "180+2"]
[Date "2023.02.15"]
[WhiteClock "0:00:03"]
[BlackClock "0:01:51"]

1. e4 c5 2. Nf3 d6 3. d4 cxd4 4. Nxd4 Nf6 5. Nc3 a6 6. Be3 e6 7. Be2 Be7 8. Qd2 O-O 9. O-O-O b5 10. f3 Bb7 11. g4 Nfd7 12. Rdg1 Nb6 13. h4 N8d7 14. g5 Ne5 15. b3 Rc8 16. h5 d5 17. f4 Bb4 18. fxe5 Bxc3 19. Qd1 Qe7 20. Kb1 dxe4 21. g6 Nd5 22. gxh7+ Kh8 23. Bc1 Bxd4 24. Qxd4 Nc3+ 25. Ka1 Nxe2 26. h6 g6 27. Qf2 Nxc1 28. Rxc1 e3 29. Qxe3 Bxh1 30. Rxh1 Rxc2 31. Rd1 Rfc8 32. Kb1 Kxh7 33. Qf3 R8c3 34. Qa8 Qa3 0-1


[Site "https://www.chess.com"]

[Event "Titled Tuesday Blitz February 14 Early 2023"]
[White "Alex_Sahakyan2006"]
[Black "Robledo, Cristian"]
[BlackFideId "133450"]
[WhiteElo "2715"]
[BlackElo "2270"]
[Result "0-1"]
[Round "07"]
[TimeControl "180+2"]
[Date "2023.02.15"]
[WhiteClock "0:00:01"]
[BlackClock "0:00:04"]

1. e4 c5 2. a3 e6 3. b4 cxb4 4. axb4 Bxb4 5. Bb2 Bf8 6. h4 d6 7. h5 h6 8. d3 Nf6 9. Nd2 Nc6 10. f4 Be7 11. g4 e5 12. g5 Ng4 13. Qf3 hxg5 14. Bh3 Rxh5 15. O-O-O Rh4 16. f5 Nh6 17. Qg3 g4 18. Bg2 Rxh1 19. Bxh1 Bg5 20. Ne2 Qa5 21. Nc3 Bd7 22. Kb1 Rc8 23. Nc4 Qc5 24. Ba3 Nb4 25. Nd5 Nxd5 26. Bxc5 Nc3+ 27. Ka1 Rxc5 28. Rb1 Nxb1 29. Kxb1 Ke7 30. Qe1 b5 31. Ne3 Bc6 32. Nd5+ Bxd5 33. exd5 Bf4 34. Qh4+ f6 35. Be4 b4 36. Qe1 b3 37. c4 g3 38. Qb4 Rc7 39. Qxb3 Ng4 40. Kc2 Nf2 41. Bg2 Ng4 42. Kc3 Ne3 0-1


[Site "https://www.chess.com"]

[Event "Titled Tuesday Blitz February 14 Early 2023"]
[White "Starozhilov, Leonid"]
[Black "AyMitecK"]
[WhiteFideId "14106752"]
[WhiteElo "2313"]
[BlackElo "2484"]
[Result "0-1"]
[Round "07"]
[TimeControl "180+2"]
[Date "2023.02.15"]
[WhiteClock "0:00:10"]
[BlackClock "0:01:33"]

1. e4 e6 2. d4 d5 3. Nc3 Nf6 4. Bg5 dxe4 5. Nxe4 Be7 6. Bxf6 gxf6 7. Nf3 f5 8. Ned2 a6 9. g3 b5 10. Bg2 Bb7 11. O-O c5 12. dxc5 Bxc5 13. Nb3 Qxd1 14. Raxd1 Bb6 15. Rfe1 O-O 16. Ne5 Bxg2 17. Kxg2 Rc8 18. c3 Nc6 19. Nd7 Bc7 20. Nbc5 Kg7 21. Rd3 Bd8 22. Red1 Be7 23. Nb3 Rc7 24. Ndc5 Ne5 25. Re3 Nc4 26. Nxe6+ fxe6 27. Rxe6 Kf7 28. Rh6 Kg7 29. Re6 Nxb2 30. Rde1 Bf6 31. Na5 Bxc3 32. Rc1 Nd3 33. Rc2 Kf7 34. Rh6 Ne1+ 0-1


[Site "https://www.chess.com"]

[Event "Titled Tuesday Blitz February 14 Early 2023"]
[White "Martic, Ivan"]
[Black "Cherniaiev, Tykhon"]
[WhiteFideId "929301"]
[BlackFideId "14182360"]
[WhiteElo "2301"]
[BlackElo "2330"]
[Result "0-1"]
[Round "07"]
[TimeControl "180+2"]
[Date "2023.02.15"]
[WhiteClock "0:00:05"]
[BlackClock "0:00:04"]

1. e4 e5 2. Nf3 Nc6 3. Bb5 Nge7 4. O-O Ng6 5. d4 exd4 6. Nxd4 a6 7. Nxc6 bxc6 8. Bc4 Bc5 9. Nd2 O-O 10. Nb3 Bb6 11. Kh1 d5 12. exd5 Ne5 13. Be2 cxd5 14. Bd2 Bb7 15. Ba5 Re8 16. Bxb6 cxb6 17. c3 Nc4 18. Rb1 Qf6 19. Nd4 Rad8 20. Bd3 b5 21. a3 Bc8 22. Kg1 g6 23. Re1 Ne5 24. Qd2 Re7 25. Re3 Rde8 26. Rbe1 Bd7 27. Qc2 h5 28. h3 Kg7 29. Bf1 Bc8 30. Qc1 Bd7 31. R1e2 Qg5 32. Qe1 h4 33. Kh1 Bc8 34. b4 Bd7 35. Kg1 Kf8 36. Kh1 Qf6 37. Qd2 Nc4 38. Rxe7 Nxd2 39. Rxe8+ Bxe8 40. Rxd2 Qf4 41. Re2 Qc1 42. Kg1 Qxc3 43. Nf3 d4 44. Ne5 d3 45. Nxd3 Qxa3 46. Re3 Qa1 47. f4 a5 48. bxa5 Qxa5 49. Nc5 Qa7 50. Re5 f6 51. Rd5 Bc6 52. Rd8+ Ke7 53. Rh8 Qxc5+ 54. Kh2 Qf2 55. Rh7+ Kd6 56. Bxb5 Qxg2# 0-1


[Site "https://www.chess.com"]

[Event "Titled Tuesday Blitz February 14 Early 2023"]
[White "Martinez Ramirez, Lennis"]
[Black "Jovic, Stanoje"]
[WhiteFideId "3509079"]
[BlackFideId "905020"]
[WhiteElo "2426"]
[BlackElo "2075"]
[Result "1-0"]
[Round "07"]
[TimeControl "180+2"]
[Date "2023.02.15"]
[WhiteClock "0:00:56"]
[BlackClock "0:00:06"]

1. d4 Nf6 2. Nf3 e6 3. c4 b6 4. g3 Ba6 5. Qc2 Bb4+ 6. Bd2 Be7 7. Bg2 d5 8. Ne5 c6 9. O-O Nfd7 10. b3 Nxe5 11. dxe5 Nd7 12. Bc3 Qc7 13. f4 dxc4 14. Kh1 O-O 15. e4 Rfd8 16. b4 c5 17. a3 Bb7 18. b5 a6 19. a4 axb5 20. axb5 Rxa1 21. Bxa1 f6 22. Qxc4 Nf8 23. exf6 Bxf6 24. Bxf6 gxf6 25. Qe2 Rd4 26. Nd2 f5 27. exf5 Bxg2+ 28. Qxg2 exf5 29. Nf3 Re4 30. Ng5 Re7 31. Qd5+ Kg7 32. Qxf5 Qb7+ 33. Rf3 h6 34. Kg2 hxg5 35. Qxg5+ Ng6 36. Qg4 Re4 37. h4 Re3 38. h5 Qxf3+ 39. Qxf3 Rxf3 40. Kxf3 Ne7 41. Ke4 Ng8 42. g4 Nf6+ 43. Kf5 c4 44. h6+ Kf7 45. g5 c3 46. g6+ Ke7 47. h7 Nxh7 48. gxh7 c2 49. h8=Q c1=Q 50. Qf6+ Kd7 51. Qc6+ Qxc6 52. bxc6+ Kxc6 53. Ke6 b5 54. f5 b4 55. f6 b3 56. f7 b2 57. f8=Q b1=Q 58. Qc8+ 1-0


[Site "https://www.chess.com"]

[Event "Titled Tuesday Blitz February 14 Early 2023"]
[White "Enkhtuul, Altan-Ulzii"]
[Black "Taspinar, Yanki"]
[WhiteFideId "4901444"]
[BlackFideId "34561188"]
[WhiteElo "2254"]
[BlackElo "2262"]
[Result "0-1"]
[Round "07"]
[TimeControl "180+2"]
[Date "2023.02.15"]
[WhiteClock "0:00:08"]
[BlackClock "0:00:06"]

1. d4 Nf6 2. Nc3 d5 3. Bf4 g6 4. e3 Bg7 5. h4 h5 6. Nf3 O-O 7. Ne5 Bf5 8. Bd3 e6 9. Bg5 c5 10. Bxf5 gxf5 11. Bxf6 Qxf6 12. Qxh5 cxd4 13. exd4 Nc6 14. Nxc6 bxc6 15. O-O-O c5 16. Qg5 Qxg5+ 17. hxg5 Bxd4 18. Rd3 Kg7 19. Nd1 Rh8 20. Rdh3 Rxh3 21. gxh3 Rh8 22. h4 Be5 23. Kd2 Bf4+ 24. Ke2 Kg6 25. Ne3 Bxg5 26. Rg1 Rxh4 27. Ng2 Rb4 28. b3 Kf6 29. c3 Rb8 30. f4 Bh6 31. Kf3 Rh8 32. Rh1 Bg7 33. Rxh8 Bxh8 34. Ne1 Ke7 35. c4 Kd6 36. Nd3 d4 37. a3 a5 38. Nb2 f6 39. Na4 e5 40. Nb6 Bg7 41. Nc8+ Kd7 42. Nb6+ Ke6 43. Na4 Bf8 44. Nb2 Bd6 45. fxe5 fxe5 46. Ke2 e4 47. Na4 f4 48. Nb6 f3+ 49. Kf2 Kf5 50. Nd5 Bf4 51. Ne7+ Ke5 52. Ng6+ Kf5 53. Ne7+ Kg4 54. Nd5 e3+ 55. Kf1 e2+ 56. Kf2 Bg3+ 0-1


[Site "https://www.chess.com"]

[Event "Titled Tuesday Blitz February 14 Early 2023"]
[White "Korchmar, Vasiliy"]
[Black "Kejna, Piotr"]
[WhiteFideId "24131750"]
[BlackFideId "21821704"]
[WhiteElo "2438"]
[BlackElo "2027"]
[Result "1-0"]
[Round "07"]
[TimeControl "180+2"]
[Date "2023.02.15"]
[WhiteClock "0:01:36"]
[BlackClock "0:00:03"]

1. e4 c5 2. Nf3 d6 3. d4 cxd4 4. Nxd4 Nf6 5. Nc3 g6 6. Be3 Bg7 7. f3 Nc6 8. Qd2 O-O 9. O-O-O d5 10. exd5 Nxd5 11. Nxc6 bxc6 12. Bd4 e5 13. Bc5 Be6 14. Ne4 h6 15. Bc4 Re8 16. h4 Qc7 17. h5 g5 18. g4 Rad8 19. Qf2 Nf4 20. Bb3 Qa5 21. Kb1 Bd5 22. Nd6 Rxd6 23. Bxd6 Bxb3 24. axb3 Nd5 25. Qc5 Qa6 26. Rhe1 Re6 27. c4 Nf4 28. Bxe5 f6 29. Rd8+ Kh7 30. Rd7 Qc8 31. Qxa7 Qg8 32. Red1 Rxe5 33. Rxg7+ Qxg7 34. Rd7 Ne6 35. Rxg7+ Nxg7 36. b4 Re1+ 37. Ka2 Rf1 38. Qd4 Rxf3 39. Qe4+ f5 40. Qxf3 1-0


[Site "https://www.chess.com"]

[Event "Titled Tuesday Blitz February 14 Early 2023"]
[White "Mushini Ajay"]
[Black "Skvortsov, Andrei"]
[WhiteFideId "35066188"]
[BlackFideId "24108600"]
[WhiteElo "2310"]
[BlackElo "2313"]
[Result "0-1"]
[Round "07"]
[TimeControl "180+2"]
[Date "2023.02.15"]
[WhiteClock "0:00:10"]
[BlackClock "0:00:20"]

1. d4 e6 2. c4 Nf6 3. Nc3 d5 4. cxd5 Nxd5 5. e4 Nxc3 6. bxc3 c5 7. Rb1 cxd4 8. cxd4 Qa5+ 9. Bd2 Qxa2 10. Nf3 Qa3 11. Qc2 Nd7 12. Bb5 Qd6 13. O-O Be7 14. Rfd1 O-O 15. Bb4 Qxb4 16. Rxb4 Bxb4 17. Nd2 a6 18. Bd3 e5 19. dxe5 Nxe5 20. Nc4 Nxd3 21. Qxd3 Be6 22. Nb6 Rab8 23. h3 h6 24. f4 Bc5+ 25. Kh1 Bxb6 26. f5 Rbd8 27. Qe2 Bc4 28. Qg4 Rxd1+ 29. Qxd1 Bd8 30. e5 Bb5 31. Qd6 Re8 32. f6 Bc6 33. Kg1 a5 34. Qd4 Bc7 35. Qg4 g6 36. Qf4 Kh7 37. Qc4 Re6 38. Qc5 Re8 39. e6 Rxe6 40. Qf8 Rxf6 41. Qe7 Bb6+ 42. Kh2 Rf2 43. Kg3 Rxg2+ 44. Kf4 Rf2+ 45. Kg3 h5 46. h4 Rf5 47. Qe1 Bc7+ 48. Kh3 Rf3+ 49. Kg2 Re3+ 50. Kf2 Rxe1 51. Kxe1 a4 52. Kf2 a3 53. Ke3 a2 54. Kd4 a1=Q+ 55. Kc4 g5 0-1


[Site "https://www.chess.com"]

[Event "Titled Tuesday Blitz February 14 Early 2023"]
[White "Jarocka, Liwia"]
[Black "Panesso Rivera, Henry"]
[WhiteFideId "21807558"]
[BlackFideId "4402707"]
[WhiteElo "2225"]
[BlackElo "2342"]
[Result "0-1"]
[Round "07"]
[TimeControl "180+2"]
[Date "2023.02.15"]
[WhiteClock "0:00:13"]
[BlackClock "0:00:05"]

1. d4 d6 2. c4 g6 3. Nc3 Bg7 4. Nf3 Nf6 5. e4 O-O 6. Be2 Bg4 7. O-O Nfd7 8. Be3 Nc6 9. Rc1 Bxf3 10. Bxf3 e5 11. d5 Nd4 12. Bg4 c5 13. dxc6 bxc6 14. Bxd7 Qxd7 15. c5 Rab8 16. b3 f5 17. exf5 Rxf5 18. cxd6 Qxd6 19. Ne4 Qd7 20. Ng3 Rf7 21. Bxd4 exd4 22. Qd3 Rbf8 23. Rc2 Qd5 24. f3 Bh6 25. Re1 Be3+ 26. Kh1 Bg5 27. Ne4 Be3 28. Rc5 Qd7 29. Rxe3 Qe7 30. Qe2 dxe3 31. Qxe3 Rd8 32. Rc1 Qd7 33. h3 Qd4 34. Qxd4 Rxd4 35. Rxc6 Rd3 36. b4 Ra3 37. Rc2 Rd7 38. Rb2 Rd1+ 39. Kh2 Ra1 40. Rc2 R1xa2 41. Rc8+ Kf7 42. Rc7+ Ke6 43. Rxh7 Rb2 44. Rg7 Rxb4 45. Rxg6+ Kf7 46. Rf6+ Kg7 47. Rc6 Ra2 48. Rc7+ Kg6 49. Rc6+ Kf7 50. Rc7+ Ke6 51. Rg7 a5 52. h4 Rb5 53. Rg6+ Ke7 54. Kh3 Ra1 55. g4 Rb3 56. Kg3 Re1 57. Kf4 Rf1 58. Ng5 Rb4+ 59. Kg3 a4 60. Ra6 Ra1 61. h5 a3 62. h6 Rb8 63. Ra7+ Kd6 64. Ra6+ Kc5 65. Ne4+ Kb5 66. Ra7 Kb6 67. Ra4 a2 68. Nc3 Rg1+ 69. Kf4 a1=Q 70. Rb4+ Kc7 71. Rxb8 Kxb8 72. Ne4 Qd4 73. h7 Rh1 74. Kf5 Rxh7 0-1


[Site "https://www.chess.com"]

[Event "Titled Tuesday Blitz February 14 Early 2023"]
[White "Mika, Tomasz"]
[Black "Sadykov, Ramil"]
[WhiteFideId "1132970"]
[BlackFideId "24113590"]
[WhiteElo "2169"]
[BlackElo "2345"]
[Result "0-1"]
[Round "07"]
[TimeControl "180+2"]
[Date "2023.02.15"]
[WhiteClock "0:00:02"]
[BlackClock "0:00:46"]

1. Nf3 Nf6 2. c4 e6 3. b3 b6 4. Bb2 Bb7 5. g3 c5 6. Bg2 Be7 7. O-O O-O 8. d4 cxd4 9. Nxd4 Bxg2 10. Kxg2 a6 11. Nc3 Qc7 12. Rc1 Qb7+ 13. Nf3 Rd8 14. Qd4 Nc6 15. Qf4 b5 16. Rfd1 bxc4 17. Qxc4 d5 18. Qf4 Rac8 19. Na4 Qb5 20. e3 Nb4 21. Nd4 Qb7 22. a3 Nc6 23. b4 e5 24. Nxc6 exf4 25. Nxe7+ Qxe7 26. gxf4 Ne4 27. Bd4 Qe6 28. Kf3 Qh3+ 0-1


[Site "https://www.chess.com"]

[Event "Titled Tuesday Blitz February 14 Early 2023"]
[White "Baskakov, Egor"]
[Black "Skuhala, Barbara"]
[WhiteFideId "24197866"]
[BlackFideId "14605465"]
[WhiteElo "2215"]
[BlackElo "2153"]
[Result "0-1"]
[Round "07"]
[TimeControl "180+2"]
[Date "2023.02.15"]
[WhiteClock "0:00:16"]
[BlackClock "0:00:51"]

1. e4 c5 2. Nf3 d6 3. d4 cxd4 4. Nxd4 Nf6 5. Nc3 a6 6. a4 e5 7. Nde2 Be7 8. g3 Be6 9. Bg2 Nbd7 10. h3 Nf8 11. O-O Ng6 12. a5 Qd7 13. Kh2 O-O 14. f4 exf4 15. gxf4 Bc4 16. Re1 Rac8 17. Ng3 Nh4 18. Bh1 Rfe8 19. Be3 Be6 20. f5 Bc4 21. Bd4 h6 22. b3 Bb5 23. Nxb5 axb5 24. Rg1 Qc7 25. c3 Nh7 26. Nh5 d5+ 27. e5 Bg5 28. Qe2 f6 29. Bxd5+ Kh8 30. Rae1 Rcd8 31. c4 bxc4 32. bxc4 Qxa5 33. Kh1 fxe5 34. Bxe5 Nf6 35. Rxg5 Rxd5 36. Bxf6 Qxe1+ 37. Rg1 Qxg1+ 38. Kxg1 Rxe2 39. Bxg7+ Kh7 40. cxd5 Nxf5 41. Bd4 Nxd4 42. d6 Nc6 43. Nf6+ Kg6 44. Ng4 Rd2 0-1


[Site "https://www.chess.com"]